 Dungeon Crawl Stone Soup version 0.31-a0-150-g89dc3ad700 (webtiles) character file.

Game seed: 2070728369974669015

5976 Drazool the Nimble (level 10, -3/82 (83) HPs)
             Began as a Vampire Monk on June 8, 2023.
             Was the Champion of Okawaru.
             Slain by a hellwing (15 damage)
             ... summoned by an obsidian statue
             ... on level 9 of the Dungeon.
             The game lasted 00:27:51 (7291 turns).

Drazool the Nimble (Vampire Monk)                   Turns: 7291, Time: 00:27:52

HP:   -3/82 (83)    AC: -3    Str: 10      XL:     10   Next: 55%
MP:   15/15         EV: 19    Int: 14      God:    Okawaru [******]
Gold: 576           SH:  0    Dex: 22 (23) Spells: 9/9 levels left

rFire   + . .        B - +4 great sword
rCold   + . .        (shield currently unavailable)
rNeg    . . .        u - +0 leather armour
rPois   .            F - +0 helmet
rElec   .            (no cloak)
rCorr   .            w - +0 pair of gloves
SInv    +            (no boots)
Will    +....        p - amulet of faith {!P}
Stlth   ++           m - ring "Qalaqu" {Drain rF+ rC+ Dex+3}
HPRegen 0.53/turn    (no ring)
MPRegen 0.14/turn

%: clarity, faith
@: mighty, corroded, healing quickly, lightly drained
A: alive, fangs 3, see invisible, vampiric 2, clarity, deterioration 1, robust 1
a: Exsanguinate, Renounce Religion, Heroism, Finesse, Duel


You were on level 9 of the Dungeon.
You worshipped Okawaru.
Okawaru was exalted by your worship.
You visited 1 branch of the dungeon, and saw 9 of its levels.

You collected 576 gold pieces.


Innate Abilities, Weirdness & Mutations

Your natural rate of healing is accelerated.
You have razor-sharp teeth.
You have supernaturally acute eyesight. (SInv)
You are afflicted with vampirism and can become a bat while bloodless.
You possess an exceptional clarity of mind.
Your body sometimes deteriorates upon taking damage.
You are robust. (+10% HP)


   Skills:
 + Level 5.8 Fighting
 + Level 9.9 Long Blades
 + Level 10.0 Dodging
 * Level 7.1 Invocations


You had 9 spell levels left.
You didn't know any spells.
Your spell library contained the following spells:

 Spells                   Type           Power      Damage    Failure   Level
 Magic Dart               Conj           0%         1d3       36%         1
 Searing Ray              Conj           0%         2d4       52%         2
 Ignite Poison            Fire/Tmut/Pois 0%         N/A       75%         3
 Fulminant Prism          Conj/Hex       0%         3d5       98%         4
 Sticky Flame             Conj/Fire      0%         2d3       98%         4
 Ignition                 Fire           0%         3d3       100%        8

Inventory:

Hand Weapons
 a - a +5 scimitar of protection
 B - a +4 great sword (weapon)
Missiles
 y - 13 poisoned darts
Armour
 d - an orb of light
 u - a +0 leather armour (worn)
 w - a +0 pair of gloves (worn)
 E - a +0 scale mail of fire resistance
 F - a +0 helmet (worn)
Jewellery
 m - the ring "Qalaqu" (left hand) {Drain rF+ rC+ Dex+3}
   (You found it on level 6 of the Dungeon)

   [ring of protection from cold]

   Dex:       It affects your dexterity (+3).
   rF:        It protects you from fire.
   rC:        It protects you from cold.
   Drain:     It drains your maximum health when unequipped.
 p - an amulet of faith (around neck) {!P}
Wands
 n - a wand of roots (8)
 x - a wand of polymorph (13)
 A - a wand of digging (9)
Scrolls
 f - 2 scrolls of noise
 g - 4 scrolls of enchant armour
 j - 4 scrolls of immolation
 k - 10 scrolls of teleportation {@r2}
 o - 2 scrolls of blinking
 t - a scroll of fear
 G - a scroll of amnesia
Potions
 b - a potion of enlightenment {unknown}
 c - 2 potions of ambrosia
 i - 2 potions of cancellation {unknown}
 l - 2 potions of brilliance
 q - 3 potions of heal wounds {@q2}
 r - a potion of haste {unknown}
 s - a potion of berserk rage {unknown}
 z - 3 potions of curing {@q1}
 C - a potion of lignification {unknown}
Miscellaneous
 e - a lightning rod (4/4)
 v - a phial of floods

Dungeon Overview and Level Annotations

Branches:
Dungeon (9/15)             Temple (0/1) D:5
   Lair: D:8-11         Orc: D:9-12

Altars:
Dithmenos
Hepliaklqana
Okawaru
Xom

Annotations:
D:3 1 runed translucent door, Crazy Yiuf
D:6 2 runed translucent doors
D:9 exclusion: obsidian statue

##..# ....# ....#
)##.# .##.# ....#
##### .#### ####...##
.# ###...[3?.##
.######## #/...(@4.$.#
#.......###.##.4888[.#
.>..........(..[888$.#
#.##.##.###.#...?|=.##
#....##.# #.........#
#.##.##.# ###.......#
#.##.##.# ######.##
........# .# #.#######


You could see an obsidian statue, a hellwing (summoned), a rust devil (summoned)
and a sixfirhy (summoned).


Message History

You bite the obsidian statue, but do no damage.
The obsidian statue is heavily damaged.
The obsidian statue's eyes glow briefly.
The rust devil closely misses you.
You barely miss the obsidian statue.
The obsidian statue is heavily damaged.
The sixfirhy misses you. The sixfirhy closely misses you.
The sixfirhy hits you! The sixfirhy shocks you! The sixfirhy hits you.
The sixfirhy shocks you!
Your body deteriorates!
You feel clumsy. The rust devil completely misses you.
You slash the obsidian statue!
The obsidian statue is severely damaged.
The rust devil completely misses you. The rust devil barely misses you.
You slash the obsidian statue!
The obsidian statue is almost destroyed.
The hellwing barely misses you. The hellwing misses you.
The rust devil barely misses you. The sixfirhy hits you!
* * * LOW HITPOINT WARNING * * *
The sixfirhy shocks you!
* * * LOW HITPOINT WARNING * * *
You hit the obsidian statue.
The obsidian statue is almost destroyed.
The sixfirhy hits you.
* * * LOW HITPOINT WARNING * * *
The sixfirhy shocks you!
* * * LOW HITPOINT WARNING * * *
The sixfirhy barely misses you. The sixfirhy misses you.
The sixfirhy barely misses you. The hellwing hits you!
You die...

Skill      XL: |  1  2  3  4  5  6  7  8  9 10 |
---------------+-------------------------------+-----
Long Blades    | 4 5 6 8 9 |  9.9
Dodging        | 4 5 6 8 9 10 | 10.0
Invocations    | 1 5 7 |  7.1
Fighting       | 3 4 5 |  5.8

Action                     |  1- 3 |  4- 6 |  7- 9 | 10-12 || total
---------------------------+-------+-------+-------+-------++-------
  Melee: Falchion          |    42 |    10 |       |       ||    52
         Bite              |     6 |     7 |    42 |    11 ||    66
         Scimitar          |       |    49 |   243 |    18 ||   310
         Great sword       |       |       |       |    82 ||    82
 Invoke: Heroism           |       |     4 |     4 |     1 ||     9
         Finesse           |       |       |       |     1 ||     1
Ability: Exsanguinate      |     1 |       |       |       ||     1
         Revivify          |     1 |       |       |       ||     1
  Evoke: Wand              |       |       |     2 |     1 ||     3
    Use: Scroll            |     3 |     3 |     7 |     4 ||    17
         Potion            |     2 |     2 |       |     1 ||     5
   Stab: Sleeping          |       |       |       |     1 ||     1
 Armour: Robe              |    10 |    10 |       |       ||    20
         Leather armour    |       |       |    47 |     9 ||    56
  Dodge: Dodged            |    19 |    35 |   158 |   116 ||   328

Levels and vault maps discovered:
D:1:      saegor_arrival_simple_e, layout_basic, minmay_hedge_maze
D:2:      layout_loops_ring, chequers_ecumenical_altar_island, uniq_sigmund
D:3:      cheibrodos_thug_alley, layout_loops_cross, uniq_crazy_yiuf_cottage,
          uniq_jessica, uniq_ijyb
D:4:      minmay_angry_zag, layout_loops_corners, uniq_menkaure
D:5:      layout_cave_pools, led_xom_imps, gammafunk_temple_overflow_forgotten,
          minmay_temple_entry_large_hall, uniq_pikel
D:6:      lemuel_ice_spiral_2, layout_basic, grunt_ministairs_13,
          minmay_hollow_rounded_squares
D:7:      layout_loops_ring
D:8:      layout_rooms, nicolae_concentric_dashed_squares_wild, chequers_jeans,
          uniq_amaemon
D:9:      layout_loops_cross, grunt_lair_entry_orc_guard_hut,
          roderic_serpentine_path, minmay_stone_trees_small,
          minmay_protected_statue

Notes
Turn   | Place    | Note
-------+----------+-------------------------------------------
     0 | D:1      | Drazool the Vampire Monk began the quest for the Orb.
     0 | D:1      | Reached XP level 1. HP: 17/17 MP: 1/1
   365 | D:1      | Reached XP level 2. HP: 23/23 MP: 2/2
   776 | D:2      | HP: 2/23 [poisoned by an adder]
   785 | D:2      | Gained mutation: You are afflicted with vampirism and can
                  | become a bat while bloodless. [Vampire growth]
   785 | D:2      | Reached XP level 3. HP: 11/22 MP: 3/3
   833 | D:2      | Reached skill level 4 in Long Blades
  1014 | D:2      | Reached skill level 4 in Dodging
  1014 | D:2      | Reached XP level 4. HP: 28/30 MP: 4/4
  1021 | D:2      | Found a faded altar of an unknown god.
  1184 | D:2      | Prayed at the altar of an unknown god.
  1184 | D:2      | Became a worshipper of Warmaster Okawaru
  1184 | D:2      | Reached * piety under Okawaru
  1184 | D:2      | Reached ** piety under Okawaru
  1271 | D:2      | Noticed Sigmund
  1280 | D:2      | Gained mutation: You possess an exceptional clarity of
                  | mind. [potion of mutation]
  1280 | D:2      | Gained mutation: Your body sometimes deteriorates upon
                  | taking damage. [potion of mutation]
  1280 | D:2      | Gained mutation: You are robust. (+10% HP) [potion of
                  | mutation]
  1285 | D:2      | Killed Sigmund
  1285 | D:2      | Reached *** piety under Okawaru
  1286 | D:2      | Reached skill level 5 in Long Blades
  1286 | D:2      | Reached XP level 5. HP: 19/42 MP: 5/5
  1437 | D:3      | Identified a scroll of acquirement
  1437 | D:3      | Acquired a +3 scimitar of protection
  1655 | D:3      | Found a runed translucent door.
  1656 | D:3      | Noticed Crazy Yiuf
  1716 | D:3      | Noticed Ijyb
  1726 | D:3      | Killed Ijyb
  1727 | D:3      | Reached skill level 5 in Dodging
  1730 | D:3      | Reached XP level 6. HP: 38/50 MP: 3/6
  1793 | D:3      | Noticed Jessica
  1799 | D:3      | Killed Jessica
  2030 | D:4      | Noticed Menkaure
  2038 | D:4      | Killed Menkaure
  2039 | D:4      | Reached skill level 6 in Long Blades
  2136 | D:4      | Reached XP level 7. HP: 50/56 MP: 4/7
  2144 | D:4      | Reached skill level 7 in Long Blades
  2653 | D:3      | Reached skill level 6 in Dodging
  2846 | D:3      | Reached **** piety under Okawaru
  3778 | D:5      | Entered Level 5 of the Dungeon
  3796 | D:5      | Reached skill level 8 in Long Blades
  3881 | D:5      | Reached XP level 8. HP: 61/62 MP: 5/8
  3929 | D:5      | Reached skill level 7 in Dodging
  3953 | D:5      | Found a staircase to the Ecumenical Temple.
  4050 | D:5      | Found a hazy altar of Hepliaklqana.
  4050 | D:5      | Found a shadowy altar of Dithmenos.
  4204 | D:5      | Noticed Pikel
  4214 | D:5      | Killed Pikel
  4214 | D:5      | Reached ***** piety under Okawaru
  4215 | D:5      | Reached skill level 9 in Long Blades
  4274 | D:5      | Found a shimmering altar of Xom.
  4283 | D:5      | Reached skill level 8 in Dodging
  4287 | D:5      | Reached skill level 1 in Invocations
  4369 | D:5      | Reached skill level 3 in Fighting
  4501 | D:6      | Reached XP level 9. HP: 68/69 MP: 10/10
  4513 | D:6      | Reached skill level 2 in Invocations
  4806 | D:6      | Reached skill level 3 in Invocations
  4998 | D:6      | Found a large runed translucent door.
  5001 | D:6      | Found a large runed translucent door.
  5004 | D:6      | Found a large runed translucent door.
  5004 | D:6      | Found a large runed translucent door.
  5184 | D:6      | Reached skill level 4 in Fighting
  5184 | D:6      | Reached skill level 4 in Invocations
  5215 | D:6      | Identified the ring "Qalaqu" {Drain rF+ rC+ Dex+3}
  5459 | D:6      | Received a gift from Okawaru
  5460 | D:6      | Reached skill level 9 in Dodging
  5462 | D:6      | Noticed a komodo dragon
  5467 | D:6      | Killed a komodo dragon
  5468 | D:6      | Reached skill level 5 in Invocations
  5751 | D:7      | Reached XP level 10. HP: 72/80 MP: 14/14
  5881 | D:7      | Reached skill level 5 in Fighting
  5928 | D:7      | Reached skill level 6 in Invocations
  6422 | D:8      | Noticed Amaemon
  6422 | D:8      | Noticed an orange demon
  6431 | D:8      | Killed Amaemon
  6431 | D:8      | Reached ****** piety under Okawaru
  6438 | D:8      | Killed an orange demon
  6742 | D:8      | Reached skill level 7 in Invocations
  6878 | D:8      | Reached skill level 10 in Dodging
  6883 | D:8      | Identified the +2 plate armour of Ziefit {rF+ rCorr}
                  | (Okawaru gifted it to you on level 8 of the Dungeon)
  6883 | D:8      | Received a gift from Okawaru
  7276 | D:9      | Noticed an obsidian statue
  7285 | D:9      | Noticed a rust devil
  7288 | D:9      | Noticed a sixfirhy
  7291 | D:9      | Slain by a hellwing

Vanquished Creatures
  Amaemon (D:8)
  Pikel (D:5)
  An orange demon (D:8)
  A komodo dragon (D:6)
  Sigmund (D:2)
  A shadow (D:8)
  A yak (D:6)
  Menkaure (D:4)
  A vampire mosquito (D:6)
  A water moccasin (D:6)
  A sky beast (D:6)
  A boggart (D:5)
  An ogre (D:6)
  2 black bears
  5 centaurs
  A phantom (D:4)
  3 kobold brigands
  2 bullfrogs
  2 scorpions
  20 wights
  2 howler monkeys
  4 crimson imps (D:5)
  7 hounds
  A gnoll bouda (D:6)
  5 orc priests
  4 jellies
  3 sleepcaps
  Jessica (D:3)
  4 iguanas
  Ijyb (D:3)
  3 orc wizards
  10 gnolls
  6 adders
  A shadow imp (D:6)
  An ufetubus (D:4)
  5 dart slugs
  12 orcs
  2 bats
  2 endoplasms (D:3)
  6 giant cockroaches
  4 goblins
  5 hobgoblins
  21 kobolds
  2 quokkas
  4 ball pythons
  2 frilled lizards (D:1)
  2 rats (D:3)
168 creatures vanquished.

Table legend: (Time is in decaauts)
 A = Elapsed time spent in this place.
 B = Non-inter-level travel time spent in this place.
 C = Inter-level travel time spent in this place.
 D = Time resting spent in this place.
 E = Time spent auto-exploring this place.
 F = Levels seen in this place.
 G = Mean time per level.
                   A        B        C        D        E       F      G
               +--------+--------+--------+--------+--------+-----+--------+
         Total |   7300 |   6621 |    679 |    243 |   5022 |   9 |  811.1 |
       Dungeon |   7300 |   6621 |    679 |    243 |   5022 |   9 |  811.1 |
               +--------+--------+--------+--------+--------+-----+--------+

Top non-repeatable levels by time:
     D:6: 1192 daAuts
     D:3: 1183 daAuts
     D:4: 1104 daAuts
     D:2: 837 daAuts
     D:7: 786 daAuts
     D:1: 751 daAuts
     D:8: 721 daAuts
     D:5: 633 daAuts
     D:9: 90 daAuts

Table legend:
 A = Non-vault XP
 B = Vault XP
 C = Vault XP percentage of total XP
 D = Non-vault monster count
 E = Vault monster count
 F = Vault count percentage of total count
                 A         B        C        D         E       F
            +---------+---------+-------+---------+---------+-------
      Total |    4433 |    4105 |  48.1 |     129 |      39 |  23.2
            +---------+---------+-------+---------+---------+-------
        D:1 |      22 |       0 |   0.0 |      13 |       0 |   0.0
        D:2 |      86 |     226 |  72.4 |       7 |       1 |  12.5
        D:3 |      39 |     192 |  83.1 |      14 |      12 |  46.2
        D:4 |     143 |     420 |  74.6 |      15 |       8 |  34.8
        D:5 |     793 |     849 |  51.7 |      14 |       5 |  26.3
        D:6 |    1212 |    1223 |  50.2 |      24 |      11 |  31.4
        D:7 |    1012 |       0 |   0.0 |      19 |       0 |   0.0
        D:8 |     967 |    1195 |  55.3 |      21 |       2 |   8.7
        D:9 |     159 |       0 |   0.0 |       2 |       0 |   0.0
            +---------+---------+-------+---------+---------+-------
